 Dungeon Crawl Stone Soup version 0.23.2-40-g277498a001 (webtiles) character file.

Game seed: 14997485380011993248

208 Descartes the Agent of Entropy (level 6, 0/47 HPs)
             Began as a Formicid Abyssal Knight on Sept 23, 2019.
             Was a Priest of Lugonu.
             Succumbed to a kobold's poison
             ... on level 3 of the Dungeon.
             The game lasted 00:08:19 (3338 turns).

Descartes the Agent of Entropy (FoAK)               Turns: 3338, Time: 00:08:20

Health: 0/47       AC:  7    Str: 19    XL:     6   Next: 11%
Magic:  9/9        EV: 10    Int: 11    God:    Lugonu [***...]
Gold:   128        SH:  0    Dex: 10    Spells: 5/5 levels left

rFire    . . .     SeeInvis +   l - +0 battleaxe
rCold    . . .     Gourm    .   (no shield)
rNeg     . . .     Faith    .   f - +0 ring mail (curse)
rPois    .         Spirit   .   (helmet unavailable)
rElec    .         Reflect  .   (no cloak)
rCorr    .         Harm     .   j - +0 pair of gloves
MR       .....                  (no boots)
Stlth    ..........             (no amulet)
HPRegen  0.15/turn              (no ring)
MPRegen  0.11/turn              (no ring)

@: lethally poisoned (0 -> -13)
A: permanent stasis, dig shafts and tunnels, four strong arms, antennae 3
a: Dig, Shaft Self, Depart the Abyss, Bend Space, Banish, Renounce Religion


You were on level 3 of the Dungeon.
You worshipped Lugonu.
Lugonu was most pleased with you.
You were not hungry.

You visited 1 branch of the dungeon, and saw 3 of its levels.
You visited the Abyss 1 time.

You collected 128 gold pieces.

Inventory:

Hand Weapons
 a - a +1 hand axe
 l - a +0 battleaxe (weapon)
 q - a +0 blowgun
Missiles
 h - 113 stones (quivered)
 i - 53 arrows
 p - 26 bolts
 r - 6 poisoned needles
Armour
 b - a +0 leather armour
 f - a cursed +0 ring mail (worn)
 j - a +0 pair of gloves (worn)
Scrolls
 e - 3 scrolls of remove curse {unknown}
 g - a scroll of amnesia {unknown}
 k - 2 scrolls of magic mapping {unknown}
 m - a scroll of fear {unknown}
 n - 3 scrolls of identify {unknown}
 s - 3 scrolls of teleportation {unknown}
 t - a scroll of fog {unknown}
Potions
 o - a potion of brilliance
Comestibles
 c - 2 rations
 d - 8 chunks of flesh


   Skills:
 - Level 3.4 Fighting
 + Level 2.8 Axes
 + Level 4.5 Armour
 - Level 0.8 Dodging
 + Level 4.7 Invocations


You had 5 spell levels left.
You didn't know any spells.
Your spell library was empty.

Dungeon Overview and Level Annotations

Branches:
Dungeon (3/15)

Altars:
Makhleb
Zin

Annotations:
D:3 Jessica


Innate Abilities, Weirdness & Mutations

You cannot be hasted, slowed, berserked, paralysed or teleported.
You can dig through walls and to a lower floor.
Your four strong arms can wield two-handed weapons with a shield.
You have a pair of large antennae on your head. (SInv)


Message History

You feel sick.
* * * LOW HITPOINT WARNING * * *
You feel sick.
You slice the hobgoblin!!
You kill the hobgoblin!
Lugonu accepts your kill.
* * * LOW HITPOINT WARNING * * *
You feel very sick.
The kobold shoots a poisoned needle.
The poisoned needle closely misses you.
* * * LOW HITPOINT WARNING * * *
You feel sick.
The kobold shoots a poisoned needle.
The poisoned needle closely misses you.
Things that are here:
a poisoned needle; a +0 club; a scroll labeled KOM XAETIUCA
* * * LOW HITPOINT WARNING * * *
You feel sick.
The kobold shoots a poisoned needle.
The poisoned needle barely misses you.
You see here 2 poisoned needles.
Okay, then.
You die...

≈⌠# #.#.#########......#. ......
≈## #.#....# #......# ......
≈#####÷#..#.######......#########
###....÷.........................
######.#..##..÷.........#######.#
#....#.#..##............### ###
+.........................## {
#......#########+#.######..#
..).............@#.#######.###
.....############(.....K..(..#
........ ###########.## {
........# ########### #.((####
........+ #.÷.......# #(..(...
.#.##...#.# ##.....P...# #....(..
.#.##...#.#.##.......÷.# #...(..(
.#.##...#.#. #....÷÷÷..# #....({#
.# +.).+.. #.......P.# #......K


You could see a kobold.

Vanquished Creatures
  2 jellies (D:3)
  5 adders
  7 oozes (D:3)
  A dart slug (D:1)
  A leopard gecko (D:2)
  3 giant cockroaches
  9 goblins
  6 hobgoblins
  9 jackals
  16 kobolds
  A quokka (D:2)
  3 bats
  6 frilled lizards
  6 rats
75 creatures vanquished.

Vanquished Creatures (others)
  5 fungi (D:3)
  7 toadstools (D:3)
12 creatures vanquished.

Grand Total: 87 creatures vanquished

Notes
Turn   | Place    | Note
-------+----------+-------------------------------------------
     0 | Abyss:1  | Descartes the Formicid Abyssal Knight began the quest for
                  | the Orb.
     0 | Abyss:1  | Reached XP level 1. HP: 18/18 MP: 2/2
    42 | Abyss:1  | Noticed a smoke demon
    46 | Abyss:1  | Noticed a quasit
    49 | D:1      | Escaped the Abyss
   448 | D:1      | Reached XP level 2. HP: 23/24 MP: 3/3
   819 | D:1      | Reached XP level 3. HP: 22/29 MP: 5/5
  1005 | D:1      | Reached ** piety under Lugonu
  1429 | D:2      | Reached XP level 4. HP: 7/35 MP: 6/6
  1739 | D:2      | HP: 1/35 [poisoned by an adder]
  2012 | D:2      | Found a glowing silver altar of Zin.
  2775 | D:3      | Reached XP level 5. HP: 20/41 MP: 8/8
  3029 | D:3      | Reached *** piety under Lugonu
  3127 | D:3      | Reached XP level 6. HP: 46/47 MP: 9/9
  3185 | D:3      | Found a burning altar of Makhleb.
  3318 | D:3      | Noticed Jessica
  3337 | D:3      | HP: 1/47 [poisoned by a kobold]
  3338 | D:3      | Succumbed to a kobold's poison

Skill      XL: |  1  2  3  4 |
---------------+-------------+-----
Invocations    | 3 4 |  4.7
Armour         | 3 4 |  4.5
Fighting       | |  3.4
Axes           | |  2.8
Dodging        | |  0.8

Action                   |  1- 3 |  4- 6 || total
-------------------------+-------+-------++-------
Melee: Hand axe          |    98 |    73 ||   171
       Battleaxe         |       |    69 ||    69
  Use: Potion            |       |     6 ||     6
  Eat: Chunk             |     2 |     6 ||     8
Armor: Leather armour    |    36 |     5 ||    41
       Ring mail         |       |    60 ||    60
Dodge: Dodged            |    75 |   117 ||   192
